 Dungeon Crawl Stone Soup version 0.29.0-13-gc9e81de378 (webtiles) character file.

Game seed: 14832470989386129671

58 greasedhog the Trooper (level 4, -10/29 HPs)
             Began as a Gargoyle Abyssal Knight on Sept 11, 2022.
             Was a Priest of Lugonu.
             Killed from afar by Ijyb (16 damage)
             ... with a bolt of dispelling energy
             ... on level 1 of the Dungeon.
             The game lasted 00:01:48 (1380 turns).

greasedhog the Trooper (Gargoyle Abyssal Knight)    Turns: 1380, Time: 00:01:49

Health: -10/29     AC: 15    Str: 18    XL:     4   Next: 2%
Magic:  5/5        EV:  5    Int: 11    God:    Lugonu [***...]
Gold:   38         SH:  5    Dex: 10    Spells: 3/3 levels left

rFire   . . .      SeeInvis .   a - +1 mace
rCold   . . .      Faith    .   c - +2 buckler
rNeg    + . .      Spirit   .   e - +1 plate armour
rPois   ∞          Reflect  .   (no helmet)
rElec   +          Harm     .   (no cloak)
rCorr   .          Rampage  .   (no gloves)
Will    .....                   (no boots)
Stlth   ..........              (no amulet)
HPRegen 0.09/turn               (no ring)
MPRegen 0.09/turn               (no ring)

@: no status effects
A: sickness immunity, AC +3, negative energy resistance 1, electricity
resistance, torment resistance 1, petrification resistance
a: Renounce Religion, Depart the Abyss, Bend Space, Banish


You were on level 1 of the Dungeon.
You worshipped Lugonu.
Lugonu was most pleased with you.
You visited 1 branch of the dungeon, and saw 2 of its levels.
You visited the Abyss 1 time.

You collected 38 gold pieces.

Inventory:

Hand Weapons
 a - a +1 mace (weapon)
Armour
 c - a +2 buckler (worn)
 e - a +1 plate armour (worn)


   Skills:
 * Level 4.2 Fighting
 * Level 3.0 Maces & Flails
 - Level 2.1 Armour
 - Level 0.7 Dodging
 + Level 2.6 Invocations


You had 3 spell levels left.
You didn't know any spells.
Your spell library contained the following spells:

 Spells                   Type           Power      Damage    Failure   Level
 Magic Dart               Conj           0%         1d3       100%        1
 Searing Ray              Conj           0%         2d4       100%        2
 Fulminant Prism          Conj/Hex       0%         3d6       100%        4


Dungeon Overview and Level Annotations

Branches:
Dungeon (2/15)

Altars:

Annotations:
D:1 Ijyb


Innate Abilities, Weirdness & Mutations

You are immune to sickness and miasma.
Your stone body is resilient. (AC +3)
You are immune to poison.
You resist negative energy. (rN+)
You are resistant to electric shocks. (rElec)
You are resistant to unholy torment.
You are immune to petrification.


Message History

You block the goblin's attack. x2
The goblin hits you but does no damage. x2; You block the goblin's attack.
Ijyb hits you but does no damage. You block the goblin's attack.
The goblin hits you with a +0 club. The goblin barely misses you.
You climb upwards.
There is a stone staircase leading down here.
You thump the goblin!
You kill the goblin!
Lugonu accepts your kill. The goblin hits you but does no damage.
You hit the goblin.
You kill the goblin!
Lugonu accepts your kill.
Ijyb zaps a wand.
The bolt of dispelling energy hits you.
You have reached level 4!
You feel clever.
You hit the goblin.
You kill the goblin!
Lugonu accepts your kill.
You hit Ijyb but do no damage. Ijyb hits you but does no damage.
Ijyb zaps a wand.
The bolt of dispelling energy hits you!
You fade into invisibility!
You block Ijyb's attack. Ijyb hits you with a +0 dagger.
* * * LOW HITPOINT WARNING * * *
Items here: ))) †††.
Ijyb zaps a wand.
You aren't carrying any scrolls.
You aren't carrying any scrolls.
You aren't carrying any potions.
Things that are here:
4 stones; a +0 short sword Ijyb zaps a wand.
The bolt of dispelling energy hits you.
Your magical effects are unravelling.
* * * LOW HITPOINT WARNING * * *
You flicker back into view.
Ijyb screams, "Me very upset!"
Ijyb zaps a wand.
The bolt of dispelling energy hits you!
Ouch! That really hurt!
You die...

....#
....###########
....##........#
######........#
#........#
######........####
...............)>#
######........##.#
######........##@#
............####.#
.##########.# #.#
.#........#(# #.#
.########.#.# #.#
.......##.#.####g#
######.......g.#.#
#..#.#.##.#.####
#..#.#.##......#


You could see Ijyb.

Vanquished Creatures
  An adder (D:2)
  A dart slug (D:2)
  6 ball pythons (D:1)
  6 bats (D:1)
  5 endoplasms (D:1)
  6 goblins (D:1)
  4 hobgoblins
  2 jackals (D:2)
  3 kobolds
  2 quokkas (D:1)
  3 rats (D:1)
39 creatures vanquished.

Notes
Turn   | Place    | Note
-------+----------+-------------------------------------------
     0 | Abyss:1  | greasedhog the Gargoyle Abyssal Knight began the quest for
                  | the Orb.
     0 | Abyss:1  | Reached XP level 1. HP: 14/14 MP: 2/2
     1 | D:1      | Escaped the Abyss
   184 | D:1      | Reached XP level 2. HP: 15/19 MP: 3/3
   749 | D:1      | Reached XP level 3. HP: 24/24 MP: 4/4
   929 | D:1      | Reached *** piety under Lugonu
   945 | D:1      | Reached skill level 4 in Fighting
  1333 | D:2      | Noticed Ijyb
  1357 | D:1      | Reached XP level 4. HP: 19/29 MP: 5/5
  1380 | D:1      | Killed from afar by Ijyb

Illustrated notes

Levels and vault maps discovered:
D:1:      minmay_arrival_four_houses, layout_basic, minmay_pentomino_q2
D:2:      kennysheep_the_goblin_king, layout_rooms,
          shapermc_ecumenical_altar_petra, st_stairs_7

Skill      XL: |  1  2  3 |
---------------+----------+-----
Fighting       | 4 |  4.2
Maces & Flails | 3 |  3.0
Armour         | |  2.1
Dodging        | |  0.7
Invocations    | |  2.6

Action                   |  1- 3 |  4- 6 || total
-------------------------+-------+-------++-------
Melee: Mace              |    99 |     2 ||   101
       Punch             |     2 |       ||     2
  Use: Scroll            |     5 |       ||     5
       Potion            |       |     1 ||     1
Armor: Ring mail         |    29 |       ||    29
       Leather armour    |     2 |       ||     2
       Plate armour      |    47 |     1 ||    48
Dodge: Dodged            |    39 |       ||    39
Block: Buckler           |    10 |     1 ||    11
